Map: World of Sleepers LE

Players

FIX

  • Race: Protoss Protoss
  • League: Master
  • Spawn Location: 1:00

Mez - Winner!

  • Race: Terran Terran
  • League: Master
  • Spawn Location: 7:00

VOD

Have the link to the VOD?

Description

Time

  • Played on: Aug. 23, 2019, noon
  • Length: 18:31
Show
View Real Time Build Order
Export as new Build Order

FIX Protoss 

Build Orders: 1 Gate Expand, Blink Stalkers 

Get SALT Encoding   

  12  0:00  Probe  
  13  0:12  Probe  
  14  0:17  Pylon  
  14  0:25  Probe  
  15  0:35  Probe  
  15  0:36  Gateway  
  16  0:43  Probe  
  16  0:49  Assimilator  
  17  0:53  Probe  
  18  1:01  Probe  
  18  1:09  Probe  
  20  1:25  Nexus  
  20  1:33  Probe  
  21  1:40  Cybernetics Core  
  21  1:45  Probe  
  21  1:46  Assimilator  
  22  1:58  Pylon  
  22  1:59  Probe  
  23  2:07  Adept  
  23  2:16  Probe  
  23  2:18  Warp Gate  
  26  2:29  Probe  
  27  2:32  Twilight Council  
  25  2:48  Probe  
  25  2:49  Probe, Blink  
  26  2:55  Adept  
  26  2:57  Probe  
  29  3:00  Probe  
  31  3:08  Pylon  
  31  3:11  Probe  
  31  3:12  Probe  
  33  3:23  Probe  
  33  3:24  Probe  
  35  3:35  Probe  
  35  3:36  Probe  
  35  3:37  Robotics Facility  
  37  3:44  Gateway  
  37  3:45  Gateway  
  37  3:47  Probe  
  38  3:48  Probe  
  39  3:59  Probe  
  39  4:00  Probe  
  41  4:06  Stalker  
  43  4:11  Probe  
  44  4:18  Nexus  
  44  4:20  Probe  
  44  4:22  Pylon  
  44  4:23  Probe  
  46  4:28  Observer  
  46  4:31  Stalker  
  49  4:33  Probe  
  49  4:35  Assimilator  
  49  4:36  Charge  
  49  4:37  Assimilator  
  50  4:38  Pylon  
  50  4:39  Probe  
  50  4:41  Stalker  
  50  4:45  Stalker  
  55  4:58  Observer  
  56  5:00  Stalker  
  56  5:05  Pylon  
  58  5:08  Probe x2  
  60  5:20  Forge x2  
  60  5:23  Observer  
  60  5:26  Pylon  
  61  5:29  Protoss Ground Armor Level 1, Protoss Ground Weapons Level 1  
  61  5:33  Stalker x3  
  67  5:43  Probe x2  
  67  5:44  Immortal, Probe  
  74  5:55  Probe  
  75  5:58  Probe x2  
  75  6:02  Pylon  
  77  6:08  Probe  
  77  6:09  Zealot x2  
  77  6:10  Zealot  
  83  6:15  Gateway  
  83  6:20  Gateway  
  83  6:29  Immortal  
  83  6:31  Gateway  
  87  6:38  Zealot x3  
  93  6:55  Probe x3  
  96  7:02  Assimilator  
  96  7:05  Pylon  
  96  7:06  Assimilator  
  96  7:07  Sentry  
  96  7:08  Zealot, Sentry  
  100  7:09  Pylon  
  100  7:10  Pylon  
  102  7:19  Observer, Immortal  
  102  7:20  Protoss Ground Weapons Level 2  
  106  7:23  Probe x2  
  106  7:29  Templar Archives  
  108  7:31  Zealot x4  
  108  7:33  Protoss Ground Armor Level 2, Probe  
  108  7:35  Probe x2  
  119  7:46  Probe  
  119  7:47  Probe  
  119  7:50  Pylon  
  121  8:05  Zealot  
  121  8:06  Zealot x5  
  121  8:11  Psionic Storm  
  133  8:28  Photon Cannon  
  133  8:30  Photon Cannon  
  123  8:36  Photon Cannon  
  123  8:37  Probe x3  
  126  8:48  High Templar x2  
  126  8:49  Probe x2  
  126  8:52  High Templar  
  126  8:54  High Templar  
  136  8:55  Nexus  
  136  8:58  Pylon  
  136  9:05  High Templar  
  136  9:06  High Templar  
  136  9:08  Probe  
  141  9:10  Pylon  
  141  9:16  Probe x2  
  123  9:44  Zealot x5  
  123  9:45  Zealot  
  129  9:46  Protoss Ground Weapons Level 3  
  129  9:47  Protoss Ground Armor Level 3  
  129  9:52  Robotics Bay  
  129  9:57  Pylon, Robotics Facility  
  129  9:58  Pylon, Probe  
  130  10:05  Photon Cannon  
  130  10:07  Photon Cannon  
  130  10:12  High Templar x2  
  130  10:13  High Templar x2  
  138  10:14  High Templar x2  
  138  10:20  Archon x3  
  142  10:30  Probe x3  
  142  10:31  Probe  
  131  10:44  Stalker  
  131  10:45  Stalker  
  131  10:46  Probe  
  131  10:47  Stalker x3  
  131  10:49  Probe x2  
  142  10:50  Probe  
  143  11:01  Probe  
  130  11:07  Zealot  
  132  11:15  Stalker x2  
  132  11:16  Stalker x2  
  104  11:33  Zealot x2  
  98  11:45  Stalker x4  
  103  11:51  Archon  
  103  11:56  Gateway  
  103  11:57  Extended Thermal Lance  
  103  11:58  Gateway  
  103  11:59  Colossus  
  103  12:00  Colossus  
  103  12:07  Probe x3  
  118  12:22  Probe x2  
  120  12:23  Probe  
  120  12:35  Probe x2  
  122  12:38  Probe x2  
  122  12:42  Zealot x5  
  134  12:47  Probe  
  134  12:48  Probe  
  136  12:51  High Templar  
  136  12:52  High Templar  
  140  13:02  Warp Prism  
  140  13:05  Stalker x3  
  144  13:06  Stalker  
  144  13:07  Probe  
  144  13:08  Probe x3  
  144  13:12  Unknown  
  154  13:23  Colossus  
  160  13:35  Zealot  
  160  13:36  Zealot x5  
  160  13:37  Zealot  
  174  13:42  Probe  
  174  13:46  Colossus  
  175  13:54  Nexus  
  175  13:56  Pylon  
  175  13:57  Assimilator  
  180  14:06  Zealot  
  180  14:07  Zealot x5  
  182  14:31  Zealot  
  182  14:32  Zealot x5  
  186  14:49  Warp Prism  
  188  14:54  Stalker x3  
  188  14:55  Stalker  
  190  15:30  Stalker x5  
  170  15:50  High Templar x3  
  170  15:53  Zealot x2  
  170  15:54  Zealot x3  
  176  16:28  Stalker x2  
  176  16:29  High Templar x2, Stalker x2  
  176  16:30  High Templar x2  
  184  16:46  Warp Prism  
  186  17:08  Dark Shrine  
  166  17:27  Zealot x2  
  166  17:28  Zealot x3  
  166  17:29  Zealot  
  172  17:35  Pylon  
  172  17:37  Pylon  
  172  17:38  Pylon  
  115  18:02  Zealot x6  
  115  18:03  Zealot x2  
  83  18:24  Zealot x4  
  83  18:25  Zealot  
Show
View Real Time Build Order
Export as new Build Order

Mez Terran - Winner!

Build Orders: Reaper Expand 

Get SALT Encoding   

  12  0:01  SCV  
  13  0:13  SCV  
  14  0:17  Supply Depot  
  14  0:25  SCV  
  15  0:39  SCV  
  15  0:40  Barracks  
  16  0:45  Refinery  
  16  0:51  SCV  
  17  1:03  SCV  
  18  1:15  SCV  
  19  1:28  Orbital Command, Reaper  
  20  1:41  Command Center  
  20  1:54  Supply Depot  
  20  1:56  SCV  
  21  2:03  Bunker, Marine  
  21  2:08  SCV  
  23  2:20  SCV  
  24  2:26  Barracks Reactor  
  24  2:32  SCV  
  25  2:47  SCV  
  25  2:52  Factory, Command Center  
  25  2:54  Orbital Command  
  25  2:59  SCV  
  25  3:03  Marine  
  25  3:04  Marine  
  28  3:09  Refinery  
  28  3:12  SCV  
  29  3:22  Marine x2  
  29  3:26  SCV x2  
  33  3:36  Widow Mine  
  33  3:38  SCV x2  
  33  3:39  Starport  
  37  3:42  Marine x2  
  39  3:50  SCV x2  
  41  3:58  Factory Tech Lab  
  41  4:00  Marine x2  
  41  4:02  SCV x2  
  45  4:06  Orbital Command  
  45  4:09  Refinery  
  45  4:14  SCV x2  
  47  4:17  Starport Tech Lab  
  47  4:18  Siege Tank  
  50  4:24  Supply Depot  
  50  4:26  SCV x2  
  50  4:29  Marine  
  50  4:30  Marine  
  54  4:32  SCV  
  54  4:37  Raven  
  57  4:38  SCV x2  
  57  4:40  Barracks  
  57  4:44  SCV  
  60  4:48  Supply Depot, Barracks  
  60  4:50  SCV x2  
  62  4:55  Supply Depot  
  62  4:56  SCV  
  63  5:01  Siege Tank  
  63  5:02  SCV  
  63  5:03  SCV  
  63  5:04  Marine  
  69  5:10  Refinery, Marine  
  70  5:17  Supply Depot  
  69  5:21  Marine  
  69  5:23  SCV x3  
  69  5:28  Marine  
  74  5:29  Starport Reactor  
  74  5:36  Engineering Bay  
  74  5:38  Engineering Bay  
  74  5:40  Stimpack, SCV  
  74  5:41  SCV x2  
  77  5:46  Factory Reactor  
  77  5:47  Supply Depot  
  77  5:51  Supply Depot  
  77  5:52  Combat Shield  
  77  5:53  Marine x2, SCV x2  
  77  5:54  Marauder x2  
  85  5:59  Orbital Command  
  86  6:05  SCV  
  86  6:15  Barracks x2  
  86  6:16  Terran Infantry Armor Level 1, Marine, Terran Infantry Weapons Level 1  
  86  6:17  Marauder x2, Marine  
  92  6:20  Supply Depot  
  92  6:28  Supply Depot  
  92  6:31  SCV x3  
  95  6:37  Marine x2  
  95  6:39  Medivac x2  
  101  6:43  SCV  
  101  6:44  Widow Mine x2  
  106  6:53  SCV x2  
  108  6:55  SCV  
  108  6:58  Marine  
  108  6:59  Marauder x2  
  108  7:00  Supply Depot  
  114  7:01  Supply Depot  
  114  7:03  Barracks Reactor, Refinery  
  114  7:04  Barracks Tech Lab  
  114  7:05  SCV x2  
  116  7:10  Medivac x2  
  116  7:11  Armory  
  120  7:18  Marine  
  120  7:19  Marine  
  120  7:20  Marauder, Marine  
  120  7:22  SCV x2  
  127  7:24  Refinery  
  127  7:27  Ghost Academy, Concussive Shells  
  127  7:31  Marauder  
  129  7:38  Marauder  
  129  7:39  Starport  
  129  7:41  SCV x2  
  129  7:42  Factory Reactor  
  129  7:44  Supply Depot  
  133  7:45  Supply Depot  
  133  7:59  Supply Depot  
  133  8:00  Supply Depot, Marine x2  
  133  8:01  Ghost x2, Marine  
  133  8:02  Marine  
  133  8:05  Ghost  
  141  8:09  Barracks x2  
  141  8:10  Supply Depot  
  143  8:14  Supply Depot  
  143  8:16  Command Center  
  143  8:17  Marine  
  144  8:21  Missile Turret  
  144  8:22  Liberator x3  
  144  8:23  Liberator  
  144  8:24  Marine x3  
  147  8:30  Missile Turret, Marine  
  146  8:36  Marauder x2  
  158  8:56  Marine x4  
  158  8:57  Marauder x2  
  158  9:00  Barracks Tech Lab  
  158  9:01  Barracks Tech Lab  
  166  9:05  Terran Infantry Weapons Level 2, Liberator, Barracks  
  166  9:09  Marauder  
  168  9:13  Marine  
  144  9:35  Marauder x5, Marine x3  
  137  10:01  Ghost x5  
  137  10:02  Marine x2  
  137  10:03  Marine x3  
  152  10:08  Planetary Fortress, Missile Turret  
  152  10:09  Unknown  
  152  10:14  Medivac  
  152  10:15  Medivac  
  152  10:20  Marine x3  
  152  10:21  Marine x2  
  161  10:28  Liberator x3  
  161  10:30  Marine x3  
  164  10:43  Marauder, Marine  
  164  10:44  Marauder  
  170  11:11  Marauder x2, Marine x2  
  170  11:12  Marauder x2, Marine x2  
  172  11:29  Liberator x3  
  172  11:30  Liberator  
  128  11:35  Marauder  
  128  11:37  Marauder, Marine x2  
  128  11:38  Marauder x3, Marine x2  
  132  11:47  Terran Infantry Armor Level 2, Terran Infantry Weapons Level 3  
  132  11:53  Command Center  
  132  11:56  Command Center  
  132  12:02  Ghost x3  
  132  12:04  Marine x5  
  143  12:26  Starport, Terran Ship Weapons Level 1  
  143  12:29  Ghost  
  140  12:30  Ghost  
  140  12:31  Ghost, Marine x4  
  140  12:32  Marauder x2, Marine  
  155  12:45  Sensor Tower  
  155  12:50  Sensor Tower  
  155  12:53  Marauder x2  
  159  12:59  Marauder x2  
  159  13:01  Medivac x4  
  159  13:04  Marine x3  
  159  13:05  Marauder, Marine x2  
  178  13:15  Marauder x2  
  178  13:17  Orbital Command  
  178  13:18  Command Center  
  182  13:20  Command Center, Marine x2  
  182  13:21  Refinery  
  182  13:22  Marine x3  
  187  13:30  Starport Tech Lab  
  187  13:37  Fusion Core  
  187  13:38  Viking x4  
  187  13:40  Refinery  
  195  13:48  Planetary Fortress  
  195  13:51  Missile Turret  
  195  14:08  Viking  
  196  14:15  Viking x2  
  199  14:20  Terran Ship Weapons Level 2, Terran Infantry Armor Level 3  
  199  14:23  Advanced Ballistics  
  189  14:48  Orbital Command  
  180  15:19  Enhanced Shockwaves  
  180  15:22  Viking x2  
  177  15:51  Viking x2  
  177  15:52  Marauder x3, Marine x2  
  177  15:53  Marauder x2  
  193  16:09  Planetary Fortress  
  193  16:15  Liberator x3  
  190  16:30  Command Center  
  197  16:58  Liberator  
  197  17:04  Marauder x2  
  198  17:10  Marine  
  198  17:11  Marine  
  198  17:15  Marine x2  
  194  17:30  Command Center  
  194  17:34  Supply Depot  
  194  17:35  Supply Depot  
  193  17:40  Supply Depot  
  193  17:42  Supply Depot  
  171  18:03  Marine x2  
  173  18:09  Marine  
Tags
 
Add a new tag
Caveats
  • Supply blocks, unpowered buildings, or Contaminate may cause inaccurate times.
  • Supply counts are checked every 10 seconds.